 Dungeon Crawl Stone Soup version 0.28.0-45-g0d030f2227 (webtiles) character file.

Game seed: 14604637463673004868

3724 nickcage the Bludgeoner (level 9, -3/68 HPs)
             Began as a Minotaur Gladiator on Apr 14, 2022.
             Was a Believer of Qazlal.
             Slain by an unseen horror (7 damage)
             ... on level 9 of the Dungeon.
             The game lasted 00:19:28 (9591 turns).

nickcage the Bludgeoner (Minotaur Gladiator)        Turns: 9591, Time: 00:19:29

Health: -3/68      AC: 17    Str: 23    XL:     9   Next: 92%
Magic:  8/8        EV:  8    Int: 11    God:    Qazlal [**....]
Gold:   457        SH:  3    Dex: 12    Spells: 8/8 levels left

rFire   . . .      SeeInvis .   q - +2 flail (protect)
rCold   . . .      Faith    .   (no shield)
rNeg    . . .      Spirit   .   r - +0 chain mail
rPois   .          Reflect  .   c - +1 hat
rElec   .          Harm     .   f - +0 cloak
rCorr   .          Rampage  .   (no gloves)
Will    .....                   (no boots)
Stlth   ..........              (no amulet)
HPRegen 0.21/turn               p - +4 ring of slaying
MPRegen 0.11/turn               t - +6 ring of intelligence

@: under a protective aura
A: horns 2, retaliatory headbutt
a: Renounce Religion, Upheaval


You were on level 9 of the Dungeon.
You worshipped Qazlal.
Qazlal was pleased with you.
You visited 2 branches of the dungeon, and saw 10 of its levels.

You collected 457 gold pieces.

Inventory:

Hand Weapons
 a - a +1 flail
 q - a +2 flail of protection (weapon)
Missiles
 d - 3 throwing nets
 e - 18 poisoned darts (quivered)
 K - a curare-tipped dart
Armour
 b - a +0 leather armour
 c - a +1 hat (worn)
 f - a +0 cloak (worn)
 r - a +0 chain mail (worn)
Jewellery
 p - a +4 ring of slaying (left hand)
 t - a +6 ring of intelligence (right hand)
 x - a +4 ring of slaying
 B - a ring of poison resistance
 D - an amulet of faith
Wands
 l - a wand of acid (8)
 E - a wand of iceblast (10)
 J - a wand of flame (19)
Scrolls
 h - a scroll of enchant armour
 y - 2 scrolls of teleportation
 F - a scroll of holy word
 L - a scroll of enchant weapon
Potions
 g - a potion of degeneration
 i - 3 potions of attraction {unknown}
 j - 2 potions of might
 k - 4 potions of curing {unknown}
 m - a potion of magic
 n - a potion of berserk rage
 o - 3 potions of mutation {unknown}
 s - a potion of invisibility {unknown}
 w - 3 potions of haste {unknown}
 z - a potion of lignification {unknown}
 A - a potion of heal wounds
 C - 2 potions of ambrosia {unknown}
 G - 2 potions of flight {unknown}
 H - 2 potions of resistance {unknown}
 I - 2 potions of brilliance {unknown}


   Skills:
 - Level 2.4 Fighting
 + Level 16.8 Maces & Flails
 - Level 2.0 Throwing
 - Level 3.2 Dodging
 + Level 0.6 Shields


You had 8 spell levels left.
You didn't know any spells.
Your spell library contained the following spells:

 Spells                   Type           Power      Damage    Failure   Level
 Magic Dart               Conj           0%         1d3       97%         1
 Sandblast                Erth           0%         2d4       97%         1
 Corpse Rot               Necr/Air       0%         N/A       99%         2
 Poisonous Vapours        Pois/Air       0%         N/A       99%         2
 Searing Ray              Conj           0%         2d4       99%         2
 Spider Form              Tmut/Pois      0%         N/A       100%        3
 Fulminant Prism          Conj/Hex       0%         3d6       100%        4
 Borgnjor's Vile Clutch   Necr/Erth      0%         N/A       100%        5
 Lee's Rapid Deconstruct  Erth           0%         3d5*      100%        5
 Iron Shot                Conj/Erth      0%         9d1       100%        6


Dungeon Overview and Level Annotations

Branches:
Dungeon (9/15)             Temple (1/1) D:4
   Lair: D:8-11         Orc: D:9-12

Altars:
Ashenzari
Cheibriados
Dithmenos
Elyvilon
Fedhas
Gozag
Hepliaklqana
Kikubaaqudgha
Nemelex Xobeh
Okawaru
Qazlal
Ru
Sif Muna
Trog
Uskayaw
Vehumet
Wu Jian
Yredelemnul
Zin
The Shining One

Shops:
D:3 (   D:5 (


Innate Abilities, Weirdness & Mutations

You have a pair of horns on your head.
You reflexively headbutt those who attack you in melee.


Message History

The orc warrior is lightly wounded.
Something hits you but does no damage. The centaur barely misses you.
The centaur kicks you but does no damage.
Something hits you but does no damage.
You sock the orc warrior!
The orc warrior is heavily wounded.
The orc warrior is engulfed in blazing flames.
The orc warrior hits you with a +0 scimitar!
The centaur hits you but does no damage.
The centaur kicks you but does no damage.
Something hits you.
You hit the orc warrior but do no damage.
You headbutt the orc warrior.
The orc warrior is severely wounded.
Something hits you but does no damage.
The centaur hits you but does no damage.
The centaur barely misses you.
The orc warrior is engulfed in blazing flames.
You kill the orc warrior!
Qazlal accepts your kill.
You barely miss the centaur. You headbutt the centaur.
The centaur is moderately wounded.
The centaur barely misses you. You furiously retaliate!
You headbutt the centaur!
The centaur kicks you but does no damage.
Something hits you.
You miss something. Something hits you.
* * * LOW HITPOINT WARNING * * *
The centaur hits you.
* * * LOW HITPOINT WARNING * * *
The centaur kicks you.
* * * LOW HITPOINT WARNING * * *
Something hits you.
* * * LOW HITPOINT WARNING * * *
The centaur wields a +0 shortbow.
The centaur shoots an arrow.
The arrow hits you.
* * * LOW HITPOINT WARNING * * *
The centaur shoots an arrow.
The arrow closely misses you. Something hits you!
You die...

###. ....
#..# ##..# #
##...# ##.
##...# ##...
##>...#
......##.@☼<#
......)○...##
......c○§..#
........o.##
...##....##
.. #..... .
........
.....$...
..........


You could see a centaur and an orc.

Vanquished Creatures
  A hornet (D:8)
  Grinder (D:3)
  Sigmund (D:4)
  A wraith (D:5)
  Eustachio (D:6)
  A steam dragon (D:7)
  Edmund (D:4)
  A water moccasin (D:7)
  2 orc warriors
  3 ice beasts
  2 ogres (D:6)
  2 centaurs
  A kobold brigand (D:8)
  A bullfrog (D:8)
  A gnoll sergeant (D:8)
  6 killer bees (D:8)
  8 wights
  An electric eel (D:6)
  2 jellies
  2 centaur zombies (D:6)
  A centaur skeleton (D:6)
  A gnoll shaman (D:5)
  4 orc priests
  2 hounds
  A bullfrog skeleton (D:7)
  2 iguanas (D:6)
  Crazy Yiuf (D:3)
  5 orc wizards
  A howler monkey zombie (D:7)
  8 gnolls
  7 adders
  2 white imps
  An ufetubus (D:5)
  3 worms
  A dart slug (D:4)
  23 orcs
  8 ball pythons
  11 endoplasms
  7 giant cockroaches
  9 goblins
  8 hobgoblins
  7 jackals
  9 kobolds
  3 quokkas
  9 bats
  3 frilled lizards
  8 rats
184 creatures vanquished.

Vanquished Creatures (others)
  An orc wizard (D:3)
1 creature vanquished.

Grand Total: 185 creatures vanquished

Notes
Turn   | Place    | Note
-------+----------+-------------------------------------------
     0 | D:1      | nickcage the Minotaur Gladiator began the quest for the
                  | Orb.
     0 | D:1      | Reached XP level 1. HP: 18/18 MP: 0/0
   167 | D:1      | Reached skill level 4 in Maces & Flails
   171 | D:1      | Reached XP level 2. HP: 24/25 MP: 1/1
   561 | D:1      | Reached skill level 5 in Maces & Flails
   737 | D:1      | Reached XP level 3. HP: 28/30 MP: 2/2
  1397 | D:2      | Reached XP level 4. HP: 36/37 MP: 3/3
  1398 | D:2      | Reached skill level 6 in Maces & Flails
  1940 | D:3      | Found Risat's Weapon Boutique.
  2054 | D:3      | Reached skill level 7 in Maces & Flails
  2054 | D:3      | Reached XP level 5. HP: 17/42 MP: 4/4
  2420 | D:3      | Found a runed translucent door.
  2421 | D:3      | Noticed Crazy Yiuf
  2430 | D:3      | Killed Crazy Yiuf
  2689 | D:3      | Noticed Grinder
  2710 | D:3      | Killed Grinder
  2711 | D:3      | Reached skill level 9 in Maces & Flails
  2711 | D:3      | Reached XP level 6. HP: 7/50 MP: 5/5
  3038 | D:3      | Found a blossoming altar of Fedhas.
  3271 | D:3      | Found a hide-covered altar of Uskayaw.
  3709 | D:4      | Noticed Edmund
  3716 | D:4      | Killed Edmund
  3717 | D:4      | Reached XP level 7. HP: 56/56 MP: 6/6
  3788 | D:4      | Found a staircase to the Ecumenical Temple.
  3794 | Temple   | Entered the Ecumenical Temple
  4166 | Temple   | Became a worshipper of Qazlal Stormbringer
  4264 | D:4      | Noticed Sigmund
  4278 | D:4      | Killed Sigmund
  4279 | D:4      | Reached skill level 10 in Maces & Flails
  4449 | D:5      | Entered Level 5 of the Dungeon
  4449 | D:5      | Found Fuosiuvo's Weapon Emporium.
  4460 | D:5      | Noticed a wraith
  4501 | D:5      | Reached skill level 11 in Maces & Flails
  4640 | D:5      | Killed a wraith
  4641 | D:5      | Reached XP level 8. HP: 27/62 MP: 7/7
  4964 | D:5      | Reached skill level 12 in Maces & Flails
  5508 | D:5      | Reached * piety under Qazlal
  6202 | D:6      | Reached skill level 13 in Maces & Flails
  6398 | D:6      | Found a glowing golden altar of the Shining One.
  6816 | D:6      | Noticed Eustachio
  6828 | D:6      | Killed Eustachio
  7123 | D:6      | Found a shimmering blue altar of Sif Muna.
  7379 | D:7      | Found a broken altar of Ashenzari.
  7427 | D:7      | Reached skill level 14 in Maces & Flails
  7588 | D:7      | Got the Catalogue of Poisoning and Clay
  7629 | D:7      | Reached XP level 9. HP: 56/68 MP: 8/8
  7714 | D:7      | Found a hazy altar of Hepliaklqana.
  8267 | D:8      | Found an opulent altar of Gozag.
  8280 | D:8      | Reached skill level 15 in Maces & Flails
  8532 | D:8      | Reached ** piety under Qazlal
  9050 | D:8      | Found a sparkling altar of Nemelex Xobeh.
  9203 | D:8      | Reached skill level 16 in Maces & Flails
  9591 | D:9      | Slain by an unseen horror

Illustrated notes

Levels and vault maps discovered:
D:1:      mainiacjoe_arrival_reflecting_pool, layout_loops_ring
D:2:      layout_loops_ring, kennysheep_generic_room_13
D:3:      layout_loops_ring, eat_drink_and_be_merry_uskayaw,
          mainiacjoe_overflow_chevrons, serial_shops, nicolae_shop_stone,
          uniq_grinder, uniq_crazy_yiuf_cottage
D:4:      layout_cave_pools, minmay_temple_entry_enclosed_plants, uniq_sigmund,
          uniq_edmund
D:5:      layout_loops_ring, serial_shops, nicolae_stop_n_shop_2
D:6:      cheibrodos_helix_gallery, layout_gridville, tgw_sif, tso_metal_star,
          chequers_serial_rivers_room_b, uniq_eustachio
D:7:      layout_gridville, overflow_temple_1_default,
          mainiacjoe_overflow_small_starburst, supply_closet_lemuel
D:8:      layout_loops_ring, nemelex_spade_bored_becter,
          grunt_gozag_breadcrumbs, minmay_misc_feat_room
D:9:      layout_layer_cave, marbit_many_paths, kennysheep_little_box,
          david_orc_4, special_room [special_room_orc]
Temple:   minmay_temple_forest_path

Skill      XL: |  1  2  3  4  5  6  7  8  9 |
---------------+----------------------------+-----
Maces & Flails | 4 5 7 9 11 14 16 | 16.8
Fighting       | |  2.4
Throwing       | |  2.0
Dodging        | |  3.2
Shields        | |  0.6

Action                   |  1- 3 |  4- 6 |  7- 9 || total
-------------------------+-------+-------+-------++-------
Melee: Flail             |    75 |   108 |   241 ||   424
       Headbutt          |     9 |    12 |    44 ||    65
       Punch             |     2 |     1 |     4 ||     7
Throw: Dart              |     1 |     1 |     7 ||     9
  Use: Scroll            |       |     5 |     8 ||    13
 Stab: Sleeping          |     1 |     1 |       ||     2
Armor: Leather armour    |    29 |    22 |       ||    51
       Chain mail        |       |       |   112 ||   112
Dodge: Dodged            |    56 |    56 |    72 ||   184
Block: Other             |       |       |    13 ||    13
